 Dungeon Crawl Stone Soup version 0.24-a0-271-ga0fc33f724 (webtiles) character file.

Game seed: 8018382874354649903

4 Esekla the Magician (level 1, -1/11 HPs)
             Began as an Octopode Wizard on Apr 22, 2019.
             Slain by a leopard gecko (2 damage)
             ... on level 1 of the Dungeon.
             The game lasted 00:01:55 (194 turns).

Esekla the Magician (Octopode Wizard)                Turns: 194, Time: 00:01:55

Health: -1/11      AC:  1    Str:  6    XL:     1   Next: 60%
Magic:  2/4        EV: 13    Int: 20    God:
Gold:   19         SH:  0    Dex: 10    Spells: 5/6 levels left

rFire    . . .     SeeInvis .   d - +0 short sword
rCold    . . .     Gourm    .   (no shield)
rNeg     . . .     Faith    .   a - +0 hat
rPois    .         Spirit   .   (no amulet)
rElec    .         Reflect  .   (no ring)
rCorr    .         Harm     .   (no ring)
MR       .....                  (no ring)
Stlth    +++.......             (no ring)
HPRegen  0.03/turn              (no ring)
MPRegen  0.09/turn              (no ring)
                                (no ring)
                                (no ring)

@: very slightly contaminated
A: almost no armour, stealthy swim, amphibious, 8 rings, constrict 8, camouflage
1, gelatinous body 1
a: no special abilities


You were on level 1 of the Dungeon.
You were not hungry.

You visited 1 branch of the dungeon, and saw 1 of its levels.

You collected 19 gold pieces.

Inventory:

Hand Weapons
 d - a +0 short sword (weapon)
Armour
 a - a +0 hat (worn)
Scrolls
 e - a scroll of remove curse {unknown}
Potions
 b - a potion of might {unknown}
Comestibles
 c - a ration


   Skills:
 * Level 0.1 Fighting
 + Level 2.0 Dodging
 + Level 2.7 Stealth
 + Level 3.1 Spellcasting
 * Level 1.1 Conjurations
   Level 1.0 Summonings
   Level 1.0 Translocations


You had 5 spell levels left.
You knew the following spells:

 Your Spells              Type           Power        Failure   Level  Hunger
a - Magic Dart            Conj           #...         9%          1    None

Your spell library contained the following spells:

 Spells                   Type           Power        Failure   Level  Hunger
 Blink                    Tloc           N/A          14%         2    ##.....
 Call Imp                 Summ           #.......     14%         2    ##.....
 Slow                     Hex            #.......     22%         2    ##.....
 Conjure Flame            Conj/Fire      #.......     32%         3    ###....
 Mephitic Cloud           Conj/Pois/Air  #.......     36%         3    ###....


Dungeon Overview and Level Annotations

Branches:
Dungeon (1/15)

Altars:


Innate Abilities, Weirdness & Mutations

You cannot wear most types of armour.
You are very stealthy in the water. (Stealth+)
You are amphibious.
You can wear up to eight rings at the same time.
You can use your tentacles to constrict eight enemies at once.
Your skin changes colour to match your surroundings (Stealth+).
Your rubbery body absorbs attacks. (AC +1, EV +1)


Message History

You miscast Magic Dart.
You are very lightly contaminated with residual magic.
You smell something strange.
Casting: Magic Dart (safe; 9% risk of failure)
Confirm with . or Enter, or press ? or * to list all spells.
Aiming: Magic Dart (safe; 9% risk of failure)
Press: ? - help, Shift-Dir - straight line, f/p - leopard gecko
Aim: a leopard gecko (clinging)
You miscast Magic Dart.
Nothing appears to happen.
The leopard gecko barely misses you.
You miss the leopard gecko. Your grab misses the leopard gecko.
The leopard gecko bites you.
You closely miss the leopard gecko. You grab the leopard gecko.
You constrict the leopard gecko. The leopard gecko bites you.
* * * LOW HITPOINT WARNING * * *
You hit the leopard gecko.
The leopard gecko is severely wounded.
You constrict the leopard gecko. The leopard gecko barely misses you.
The leopard gecko bites you.
You die...

....###....## #.#
##.#.#...).... #.#
.............##### #.# .
...#...........### #(#
8###8##.#.#........#### #.#
........#.............###.#
.....#.....#####sg.##.##..#
..<..#....## #l####.##†######
.....#.[.## #@# #..#.#....#
.....#...# ##.#####...#....#
8###8##..######...............#
. ..#........................#
........###....#>#########..>.#
###.........####.# #....#
#..#.###### #.# #.>..# ....#.
#.# ###### ..## #. #.##


You could see a leopard gecko, a giant cockroach and a goblin.

Vanquished Creatures
  A dart slug (D:1)
  A bat (D:1)
  A rat (D:1)
3 creatures vanquished.

Notes
Turn   | Place    | Note
-------+----------+-------------------------------------------
     0 | D:1      | Esekla the Octopode Wizard began the quest for the Orb.
     0 | D:1      | Reached XP level 1. HP: 11/11 MP: 4/4
   194 | D:1      | Slain by a leopard gecko

Levels and vault maps discovered:
D:1:      scummos_arrival_simple_crosswalls, layout_rooms

Action                   || total
-------------------------++-------
Melee: Short sword       ||    10
       Constrict         ||     2
       Tentacles         ||     1
 Stab: Sleeping          ||     2
Dodge: Dodged            ||     6

Table legend:
 A = Non-vault XP
 B = Vault XP
 C = Vault XP percentage of total XP
 D = Non-vault monster count
 E = Vault monster count
 F = Vault count percentage of total count
                 A         B        C        D         E       F
            +---------+---------+-------+---------+---------+-------
      Total |       6 |       0 |   0.0 |       3 |       0 |   0.0
            +---------+---------+-------+---------+---------+-------
        D:1 |       6 |       0 |   0.0 |       3 |       0 |   0.0
            +---------+---------+-------+---------+---------+-------
